Unix NetHack Version 5.0.0-0 post-release - last build May 10 2026 23:12:36 (d1fa5d53e341ca933230fdaa984d921c805b60aa,branch:main).

Game began 2026-05-11 19:35:40, ended 2026-05-11 19:42:21.

CaptainEquinox, lawful male human Samurai

                  #
            ------.--------                       -----------
            |.............|                       |.........|
          ##..............|   ###########       ##-.........|
          # |.............|###-.......{..######## |..........
          # |.............|#  #.........#       # |.........|
       #####...............## #.{.......#         |.........|
       # ###---------------#  -.@.###!..#         +....<....|
 ----- #                      #.).# #...#         ---.----.--
 |....###                     #(..###...#
 |>.{|#                       #......!..#
 |....#                       #.........#
 -----                        #.........#
                              ###########

CaptainEquinox the Ronin  St:17 Dx:12 Co:18 In:12 Wi:9 Ch:7  Lawful
Dlvl:2  $:16 HP:34(37) Pw:10(10) AC:10 Xp:3 T:363  Satiated Blind Deaf

Latest messages:
 You descend the stairs.
 You climb up the stairs.
 You stop.  Hachi is in the way!
 The wood nymph vanishes!
 You hear a door open.
 You hear a door open.
 You kill the wood nymph!
 There is a wood nymph corpse here; eat it? [ynq] (n) y
 You feel sick.
 You're having a hard time getting all of it down.
 Continue eating? [yn] (n) y
 You're finally finished.
 f - an uncursed blindfold.
 g - a yellow gem.
 You swap places with Hachi.
 You hear a door open.
 You swap places with Hachi.
 You hear someone counting gold coins.
 You hear bubbling water.
 You hear bubbling water.
 You see here a large box.
 You hear a low hum.
 Gee!  All of a sudden, you can't see yourself.
 Hmmm, the large box turns out to be locked.
 In what direction? 2
 You kick a locked large box.
 THUD!
 You hear a muffled shatter.
 In what direction? 2
 You kick a locked large box.
 THUD!
 You break open the lock!
 Hachi picks up a green gem.
 There is a magic trap here.
 You see here a broken large box.
 You are momentarily blinded by a flash of light!
 You hear a deafening roar!
 p - a gunyoki.
 q - a scroll.
 r - a scroll.
 It bites!
 You miss it.
 It bites!
 You kill it!
 Are you sure you want to pray? [yes|no] yes
 You begin praying to Amaterasu Omikami.
 You finish your prayer.
 You feel that Amaterasu Omikami is pleased.
 Really quit without saving? [yes|no] yes
 Do you want your possessions identified? [ynq] (y) q

Inventory:
 Coins    ('$')
  $ - 16 gold pieces
 Comestibles  ('%')
  p - an uncursed gunyoki
 Scrolls  ('?')
  r - an uncursed scroll of enchant weapon
  q - an uncursed scroll of magic mapping
 Potions  ('!')
  n - an uncursed potion of object detection
 Tools    ('(')
  f - an uncursed blindfold
  o - an uncursed mirror
 Gems/Stones  ('*')
  g - a cursed worthless piece of yellow glass

CaptainEquinox the Samurai's attributes:

Background:
 You were a Ronin, a level 3 male human Samurai.
 You were lawful, on a mission for Amaterasu Omikami
 who was opposed by Raijin (neutral) and Susanowo (chaotic).
 You were right-handed.
 You were in the Dungeons of Doom, on level 2.
 You entered the dungeon 363 turns ago.
 You had 63 experience points, 17 more were needed to attain level 4.

Basics:
 You had 34 out of 37 hit points.
 You had all 10 energy points (spell power).
 Your armor class was 10.
 Your wallet contained 16 zorkmids.
 Autopickup was off.

Final Characteristics:
 Your strength was 17 (limit:18/100).
 Your dexterity was 12 (limit:18).
 Your constitution was 18 (limit:18).
 Your intelligence was 12 (limit:18).
 Your wisdom was 9 (limit:18).
 Your charisma was 7 (limit:18).

Final Status:
 You were temporarily blind.
 You were deaf.
 You were satiated.
 You were unencumbered.
 You were bare handed.
 You had basic skill with martial arts.
 You weren't wearing any armor.

Final Attributes:
 You were fervently aligned.
 You were invisible.
 You were fast.
 You survived.

Miscellaneous:
 You didn't encounter any bones levels.
 Total elapsed playing time was 6 minutes and 40 seconds.

Major events:
 Turn
    1: CaptainEquinox the lawful male human Samurai entered the dungeon
  282: attained the rank of Ronin (level 3)
  363: quit

You didn't know any spells.

Skills:
 Fighting Skills
   martial arts      [Basic]
   two weapon combat [Unskilled]
   riding            [Unskilled]
 Weapon Skills
   dagger            [Unskilled]
   knife             [Unskilled]
   short sword       [Basic]
   broadsword        [Unskilled]
   long sword        [Basic]
   two-handed sword  [Unskilled]
   saber             [Unskilled]
   flail             [Unskilled]
   quarterstaff      [Unskilled]
   polearms          [Unskilled]
   spear             [Unskilled]
   lance             [Unskilled]
   bow               [Basic]
   shuriken          [Unskilled]
 Spellcasting Skills
   attack spells     [Unskilled]
   divination spells [Unskilled]
   clerical spells   [Unskilled]

Voluntary challenges:
 Character rerolling was not enabled.
 You were illiterate.
 You never genocided any monsters.
 You never polymorphed an object.
 You never changed form.
 You used no wishes.
Achievement:
 You attained the rank of Ronin.

 The Dungeons of Doom: levels 1 to 3
    Level 1:
    Level 2: <- You were here.
       Many fountains, many trees.
    Level 3:


Vanquished creatures:
  6 wood nymphs
  a large kobold
  2 jackals
  2 kobolds
  a sewer rat
  2 lichens
14 creatures vanquished.

No species were genocided or became extinct.

Sayonara CaptainEquinox the Samurai...

You quit in The Dungeons of Doom on dungeon level 2 with 368 points,
and 16 pieces of gold, after 363 moves.
You were level 3 with a maximum of 37 hit points when you quit.

